 Dungeon Crawl Stone Soup version 0.31.0-32-g396128a36d (webtiles) character file.

Game seed: 10478030573979838458

163 Buffagor the Changeling (level 5, -2/43 (49) HPs)
             Began as an Octopode Shapeshifter on Mar 25, 2024.
             Slain by an orc warrior
             ... wielding a +2 long sword of draining
              (4 damage)
             ... on level 3 of the Dungeon.
             The game lasted 00:05:23 (1596 turns).

Buffagor the Changeling (Octopode Shapeshifter)     Turns: 1596, Time: 00:05:24

HP:   -2/43 (49)    AC: 22    Str: 14    XL:     5   Next: 44%
MP:   5/5           EV:  2    Int: 12    God:
Gold: 110           SH:  0    Dex: 19    Spells: 4/4 levels left

rFire   . .          .
                       - Unarmed
rCold   . . .        (no shield)
rNeg    . . .        (helmet currently unavailable)
rPois   +            (no amulet)
rElec   .            d - +6 ring of dexterity
rCorr   .            (no ring)
SInv    .            (no ring)
Will    .....        (no ring)
Stlth   ++           (no ring)
HPRegen 0.27/turn    (no ring)
MPRegen 0.09/turn    (no ring)
                     (no ring)

%: no passive effects
@: tree-form, heavily drained
A: stationary, stasis, torment immunity, boosted hp, almost no armour,
(amphibious), 8 rings, (camouflage 1), (gelatinous body 1), (nimble swimmer 1),
(tentacles)
a: no special abilities


You were on level 3 of the Dungeon.
You were a tree.
You visited 1 branch of the dungeon, and saw 3 of its levels.

You collected 110 gold pieces.

Inventory:

Missiles
 g - 3 poisoned darts
Magical Staves
 e - a staff of earth
Jewellery
 d - a +6 ring of dexterity (left branch)
Talismans
 b - a beast talisman
 c - a flux talisman
Scrolls
 h - a scroll of teleportation {unknown}
 i - 4 scrolls of fog {unknown}
 j - a scroll of identify {unknown}
 m - a scroll of enchant weapon {unknown}
 n - 3 scrolls of immolation {unknown}
 r - a scroll of amnesia {unknown}
Potions
 a - a potion of lignification
 f - 2 potions of curing
 k - a potion of enlightenment {unknown}
 l - a potion of resistance {unknown}
 o - a potion of cancellation {unknown}
 p - 2 potions of invisibility {unknown}


   Skills:
 - Level 1.0 Fighting
 - Level 2.0 Dodging
 + Level 4.2 Unarmed Combat
 * Level 4.8 Shapeshifting


You had 4 spell levels left.
You didn't know any spells.
Your spell library contained the following spells:

 Spells                   Type           Power      Damage    Failure   Level
 Sandblast                Erth           0%         2d4       32%         1
 Passwall                 Erth           0%         N/A       69%         3
 Stone Arrow              Conj/Erth      0%         3d7       69%         3
 Brom's Barrelling Bould  Conj/Erth      0%         2d3       97%         4


Dungeon Overview and Level Annotations

Branches:
Dungeon (3/15)

Altars:
Cheibriados
Uskayaw


Innate Abilities, Weirdness & Mutations

You are a tree.
Your roots penetrate the ground, keeping you stationary.
You cannot be teleported.
You are immune to unholy pain and torment.
Your maximum health is greatly increased.
You cannot wear most types of armour.
((You are amphibious.))
You can wear up to eight rings at the same time.
((Your skin changes colour to match your surroundings (Stealth+).))
((Your rubbery body absorbs attacks. (AC +1, EV +1)))
((You are camouflaged when in or above water. (Stealth+)))
((You have tentacles for arms and can constrict up to eight enemies at once.))


Message History

The orc warrior shouts!
You hear a shout!
You see here a +0 ring mail.
An orc priest comes into view. It is wielding a +0 club.
An orc comes into view. It is wielding a +0 club.
The orc warrior unwields a +2 long sword of draining.
The orc warrior wields a +0 orcbow.
The orc warrior shoots an arrow.
The arrow barely misses you.
You hear a shout!
You hear a shout!
The orc shouts!
The orc warrior shoots an arrow.
The arrow hits you!
Found a scroll labelled TOUNTI GOYTIS.
The orc warrior shoots an arrow.
The arrow barely misses you.
The orc warrior unwields a +0 orcbow.
The orc warrior wields a +2 long sword of draining.
You sense an unholy aura.
The orc warrior hits you with a +2 long sword of draining!
You feel drained.
* * * LOW HITPOINT WARNING * * *
Unknown command.
Your transformation has ended.
You turn into a tree.
Your roots penetrate the ground.
The orc hits you but does no damage. The orc warrior completely misses you.
You hit the orc.
The orc is severely wounded.
The orc hits you but does no damage.
The orc warrior hits you but does no damage.
You feel drained.
You hit the orc.
You kill the orc!
You smack the orc priest!
The orc priest is severely wounded.
The orc warrior hits you with a +2 long sword of draining!
* * * LOW HITPOINT WARNING * * *
You feel drained.
* * * LOW HITPOINT WARNING * * *
The orc priest hits you but does no damage.
You hit the orc priest.
You kill the orc priest!
The orc warrior hits you with a +2 long sword of draining.
You die...

.......## ..##....##
.######..# .........#
#######..# ###
...####..#### ....
............## .....
###.......#..#####......
...........[....♣)o.....
#################o......
# .?..... # ....... #
.###### # ## #


You could see an orc warrior and an orc.

Vanquished Creatures
  A bombardier beetle (D:3)
  An orc priest (D:3)
  Jessica (D:2)
  An iguana (D:3)
  2 adders (D:3)
  A dart slug (D:1)
  An orc (D:3)
  6 endoplasms
  A giant cockroach (D:2)
  7 goblins
  4 hobgoblins
  5 kobolds
  4 quokkas
  4 ball pythons
  7 bats
  6 frilled lizards
  5 rats
57 creatures vanquished.

Notes
Turn   | Place    | Note
-------+----------+-------------------------------------------
     0 | D:1      | Buffagor the Octopode Shapeshifter began the quest for the
                  | Orb.
     0 | D:1      | Reached XP level 1. HP: 13/13 MP: 1/1
   129 | D:1      | Reached XP level 2. HP: 18/18 MP: 2/2
   282 | D:1      | Found a faded altar of an unknown god.
   472 | D:1      | Reached XP level 3. HP: 18/23 MP: 3/3
  1045 | D:2      | Noticed Jessica
  1053 | D:2      | Killed Jessica
  1054 | D:2      | Reached XP level 4. HP: 26/28 MP: 4/4
  1288 | D:3      | HP: 1/28 [burnt (4)]
  1291 | D:3      | Reached XP level 5. HP: 29/33 MP: 5/5
  1445 | D:3      | Found a snail-covered altar of Cheibriados.
  1447 | D:3      | Found a hide-covered altar of Uskayaw.
  1586 | D:3      | Noticed an orc warrior
  1595 | D:3      | HP: 2/43 [orc warrior/+2 long sword of draining (3)]
  1596 | D:3      | Slain by an orc warrior

Illustrated notes

Levels and vault maps discovered:
D:1:      eino_arrival_cavern_d, layout_loops_ring,
          ebering_ecumenical_altar_mist, minivault_25,
          dreamdust_princess_bridge, chequers_garden
D:2:      layout_rooms, uniq_jessica
D:3:      layout_rooms, nicolae_overflow_hidden_temple

Skill      XL: |  1  2  3  4 |
---------------+-------------+-----
Shapeshifting  | 4 |  4.8
Unarmed Combat | 4 |  4.2
Fighting       | |  1.0
Dodging        | |  2.0

Action                     |  1- 3 |  4- 6 || total
---------------------------+-------+-------++-------
  Melee: Unarmed           |    46 |    31 ||    77
         Constrict         |    15 |    10 ||    25
         Tentacles         |     5 |     7 ||    12
         Punch             |     1 |     1 ||     2
  Throw: Stone             |    21 |     3 ||    24
         Dart              |    16 |       ||    16
    Use: Potion            |       |     3 ||     3
   Stab: Sleeping          |     7 |     3 ||    10
 Armour: Skin              |    15 |    16 ||    31
  Dodge: Dodged            |    16 |    15 ||    31
